 Dungeon Crawl Stone Soup version 0.20.1-1-g8b1a95d (webtiles) character file.

2513 DasRunzen the Skirmisher (level 9, -2/71 HPs)
             Began as a Demonspawn Gladiator on Nov 19, 2017.
             Was a Follower of Okawaru.
             Slain by an orc warrior
             ... wielding a +0 short sword
              (16 damage)
             ... on level 9 of the Dungeon.
             The game lasted 00:12:24 (5698 turns).

DasRunzen the Skirmisher (Demonspawn Gladiator)     Turns: 5698, Time: 00:12:25

Health: -2/71      AC: 12    Str: 18    XL:     9   Next: 29%
Magic:  10/10      EV: 15    Int: 10    God:    Okawaru [*.....]
Gold:   358        SH:  0    Dex: 14    Spells: 8/8 levels left

rFire    . . .     SeeInvis .   a - +1 long sword
rCold    . . .     Gourm    .   (no shield)
rNeg     . . .     Faith    .   l - +0 ring mail
rPois    +         Spirit   .   c - +2 helmet
rElec    .         Reflect  .   (no cloak)
rCorr    .         Harm     .   o - +0 pair of gloves
MR       .....                  z - +0 pair of boots
Stlth    +.........             (no amulet)
Regen    0.3/turn               w - ring of poison resistance
MPRegen  0.2/turn               (no ring)

@: no status effects
A: talons 1, spiny 2, sturdy frame 1
a: Heroism, Renounce Religion


You were on level 9 of the Dungeon.
You worshipped Okawaru.
Okawaru was aware of your devotion.
You were near starving.

You visited 2 branches of the dungeon, and saw 9 of its levels.

You collected 382 gold pieces.
You spent 24 gold pieces at shops.

Inventory:

Hand Weapons
 a - a +1 long sword (weapon)
Missiles
 d - 3 throwing nets (quivered)
Armour
 c - a +2 helmet (worn)
 l - a +0 ring mail (worn)
 o - a +0 pair of gloves (worn)
 z - a +0 pair of boots (worn)
Jewellery
 w - a ring of poison resistance (left hand)
Wands
 h - a wand of iceblast (6/15)
 k - a wand of confusion (24/48)
 A - a wand of iceblast (8/15)
Scrolls
 g - 2 scrolls of remove curse
 n - a scroll of magic mapping
 q - 2 scrolls of teleportation
Potions
 e - 5 potions of brilliance
 i - a potion of curing
 m - 2 potions of agility
 p - a potion of ambrosia
 r - 2 potions of mutation {unknown}
 t - 2 potions of flight {unknown}
 u - a potion of invisibility {unknown}
 v - a potion of haste {unknown}
Books
 s - a book of Misfortune

   Spells                             Type                      Level
   a - Confusing Touch                Hexes                        1
   b - Confuse                        Hexes                        3
   c - Gell's Gravitas                Translocation                3
   d - Petrify                        Transmutation/Earth          4
   e - Metabolic Englaciation         Hexes/Ice                    5
   f - Yara's Violent Unravelling     Hexes/Transmutation          5
 y - a book of Conjurations

   Spells                             Type                      Level
   a - Magic Dart                     Conjuration                  1
   b - Searing Ray                    Conjuration                  2
   c - Dazzling Spray                 Conjuration/Hexes            3
   d - Fulminant Prism                Conjuration/Hexes            4
   e - Force Lance                    Conjuration/Translocation    4
   f - Iskenderun's Mystic Blast      Conjuration                  4
Comestibles
 b - 7 fruits
 f - 7 bread rations
 j - 5 royal jellies


   Skills:
 + Level 6.5 Fighting
 + Level 6.2 Long Blades
 - Level 1.7 Throwing
 + Level 5.5 Armour
 + Level 6.4 Dodging
 + Level 1.6 Invocations


You had 8 spell levels left.
You didn't know any spells.

Dungeon Overview and Level Annotations

Branches:
Dungeon (9/15)             Temple (1/1) D:7             Orc (0/2) D:9
   Lair: D:8-11

Altars:
Ashenzari
Cheibriados
Dithmenos
Elyvilon
Fedhas
Gozag
Hepliaklqana
Kikubaaqudgha
Makhleb
Nemelex Xobeh
Okawaru
Qazlal
Ru
Sif Muna
Trog
Uskayaw
Vehumet
Xom
Yredelemnul
Zin
The Shining One

Shops:
D:4 *   D:5 [=}   D:7 !

Annotations:
D:3 othur's ghost, amateur GrBe


Innate Abilities, Weirdness & Mutations

You have sharp toenails.
You are mostly covered in sharp spines.
Your movements are slightly less encumbered by armour. (ER -2)


Message History

You barely miss the orc warrior.
The orc warrior is heavily wounded.
The orc warrior hits you with a short sword!
* * * LOW HITPOINT WARNING * * *
You slash the orc warrior!
The orc warrior is severely wounded.
The orc warrior hits you with a short sword.
* * * LOW HITPOINT WARNING * * *
Unknown command.
You hit the orc warrior but do no damage.
The orc warrior is severely wounded.
The orc warrior hits you but does no damage.
You closely miss the orc warrior.
The orc warrior is severely wounded.
The orc warrior hits you but does no damage.
You closely miss the orc warrior.
The orc warrior is severely wounded.
The orc warrior is struck by your spines.
The orc warrior hits you with a short sword!
You die...

>......#......###+
#......#..........
+......#..).......
#......#..(.......
#......#..o.......
###......###{####...
#........#......# ..
#(.(.....#o.....# .
#..@.....#.o(...####
#..[o....#......#...
#.......(#......#...
#...............#...
#...............#...
#...............#...
#...............'...
#...............#...
#...............#...


You could see an orc warrior.

Vanquished Creatures
  A troll (D:7)
  Menkaure (D:5)
  Edmund (D:4)
  An ice beast (D:7)
  2 sky beasts
  A black bear (D:7)
  An ogre (D:4)
  A centaur (D:7)
  2 bullfrogs
  A wyvern skeleton (D:7)
  3 scorpions (D:7)
  A howler monkey (D:3)
  3 crimson imps
  A bullfrog zombie (D:8)
  A quasit (D:7)
  A centaur skeleton (D:4)
  3 orc priests
  A jelly (D:7)
  4 hounds
  9 orc wizards
  Terence (D:3)
  9 worker ants
  A killer bee zombie (D:5)
  A hound skeleton (D:4)
  A worker ant zombie (D:7)
  4 adders
  An ooze (D:5)
  2 worms
  2 dart slugs
  5 leopard geckos
  35 orcs
  4 giant cockroaches
  7 goblins
  10 hobgoblins
  5 jackals
  3 kobolds
  5 quokkas
  A ball python (D:2)
  9 bats
  5 frilled lizards
  A quokka skeleton (D:7)
  A quokka zombie (D:5)
  5 rats
157 creatures vanquished.

Notes
Turn   | Place    | Note
-------+----------+-------------------------------------------
     0 | D:1      | DasRunzen the Demonspawn Gladiator began the quest for the Orb.
     0 | D:1      | Reached XP level 1. HP: 16/16 MP: 1/1
     9 | D:1      | Noticed an ogre
   368 | D:1      | Gained mutation: You are partially covered in sharp spines. [demonic ancestry]
   368 | D:1      | Reached XP level 2. HP: 22/22 MP: 2/2
   953 | D:2      | Reached skill level 1 in Armour
   966 | D:2      | Gained mutation: Your movements are slightly less encumbered by armour. (ER -2) [demonic ancestry]
   966 | D:2      | Reached XP level 3. HP: 28/28 MP: 3/3
  1540 | D:3      | Reached XP level 4. HP: 31/34 MP: 4/4
  1637 | D:3      | Noticed Terence
  1644 | D:3      | Killed Terence
  1648 | D:3      | Reached XP level 5. HP: 31/41 MP: 5/5
  1795 | D:3      | Noticed othur's ghost (amateur GrBe)
  1805 | D:3      | HP: 2/41 [othur's ghost (12)]
  2512 | D:4      | Noticed Edmund
  2528 | D:4      | Killed Edmund
  2528 | D:4      | Gained mutation: You have sharp toenails. [demonic ancestry]
  2528 | D:4      | Reached XP level 6. HP: 20/47 MP: 6/6
  2803 | D:4      | Found Suukk's General Store.
  2824 | D:4      | Bought a scroll of identify for 24 gold pieces
  2913 | D:4      | Reached XP level 7. HP: 43/54 MP: 7/7
  3283 | D:5      | Entered Level 5 of the Dungeon
  3597 | D:5      | Reached skill level 5 in Dodging
  3600 | D:5      | Found Buozoxt's Gadget Emporium.
  3675 | D:5      | Found Torhuni's Jewellery Shop.
  3695 | D:5      | Noticed Menkaure
  3705 | D:5      | Killed Menkaure
  3705 | D:5      | Reached skill level 5 in Fighting
  3705 | D:5      | Reached skill level 5 in Long Blades
  3705 | D:5      | Gained mutation: You are mostly covered in sharp spines. [demonic ancestry]
  3705 | D:5      | Reached XP level 8. HP: 56/62 MP: 8/8
  3724 | D:5      | Found Zarhiwn's Antique Armour Boutique.
  3803 | D:5      | You fall through a shaft for 2 floors!
  4005 | D:7      | Found a staircase to the Ecumenical Temple.
  4312 | Temple   | Entered the Ecumenical Temple
  4383 | Temple   | Became a worshipper of Warmaster Okawaru
  4461 | D:7      | Noticed a troll
  4466 | D:7      | Killed a troll
  4466 | D:7      | Reached skill level 5 in Armour
  4641 | D:7      | Found Lajoli's Distillery.
  4794 | D:7      | Reached XP level 9. HP: 66/69 MP: 9/9
  5102 | D:8      | Reached * piety under Okawaru
  5283 | D:8      | Reached skill level 1 in Invocations
  5669 | D:9      | Found a staircase to the Orcish Mines.
  5698 | D:9      | Slain by an orc warrior

Skill      XL: |  1  2  3  4  5  6  7  8  9 |
---------------+----------------------------+-----
Dodging        | 3 4 5 6 |  6.4
Armour         | 1 2 3 4 5 |  5.5
Long Blades    | 3 4 5 6 |  6.2
Fighting       | 3 4 5 6 |  6.5
Invocations    | 1 |  1.6
Throwing       | |  1.7

Action                   |  1- 3 |  4- 6 |  7- 9 || total
-------------------------+-------+-------+-------++-------
Melee: Long sword        |    80 |    85 |   175 ||   340
       Kick              |       |     9 |    52 ||    61
  Use: Scroll            |     8 |     3 |     5 ||    16
 Stab: Sleeping          |     1 |       |       ||     1
  Eat: Chunk             |     1 |     5 |     8 ||    14
Armor: Leather armour    |     6 |       |       ||     6
       Ring mail         |    24 |    24 |    66 ||   114
Dodge: Dodged            |    73 |    62 |   138 ||   273
       Rpst.: Long sword |    25 |    22 |    39 ||    86
